 Dungeon Crawl Stone Soup version 0.28.0-53-g5a82cb258f (webtiles) character file.

Game seed: 13026678262851734102

243690 Godmorgon the Warrior (level 18, -3/176 HPs)
             Began as a Minotaur Fighter on Aug 12, 2022.
             Was a Priest of the Shining One.
             Drowned by a water elemental (8 damage)
             ... summoned by Ilsuiw
             ... on level 4 of the Shoals.
             The game lasted 04:21:04 (53811 turns).

Godmorgon the Warrior (Minotaur Fighter)           Turns: 53811, Time: 04:21:05

Health: -3/176     AC: 27    Str: 35    XL:     18   Next: 71%
Magic:  19/26      EV: 15    Int:  5    God:    the Shining One [***...]
Gold:   1032       SH: 20    Dex: 14    Spells: 17/17 levels left

rFire   + + +      SeeInvis .   b - +2 flail (vorpal)
rCold   + . .      Faith    +   E - +0 tower shield
rNeg    + . .      Spirit   .   K - +7 Kryia's mail coat {PotionHeal*2 rC+}
rPois   .          Reflect  .   u - +2 hat
rElec   .          Harm     .   I - +0 cloak {Stlth+}
rCorr   .          Rampage  .   r - +1 pair of gloves
Will    +....                   y - +2 pair of boots
Stlth   +.........              M - amulet of faith
HPRegen 0.39/turn               f - ring "Jegoamm" {rF+ Str+6 Dex+4}
MPRegen 0.20/turn               F - ring of protection from fire

@: mighty, engulfed (cannot breathe), glowing, studying Maces & Flails, very
slow
A: horns 2, retaliatory headbutt, fire resistance 1
}: 2/15 runes: serpentine, barnacled
a: Renounce Religion, Divine Shield, Cleansing Flame


You were on level 4 of the Shoals.
You worshipped the Shining One.
The Shining One was most pleased with you.
You visited 6 branches of the dungeon, and saw 32 of its levels.
You also visited: Bailey, Ice Cave and Volcano.

You collected 3705 gold pieces.
You spent 2673 gold pieces at shops.

Inventory:

Hand Weapons
 a - a +2 whip of electrocution
 b - a +2 vorpal flail (weapon)
 d - a +0 morningstar of venom
Missiles
 g - 3 silver boomerangs
 o - 39 poisoned darts
 s - 14 boomerangs (quivered)
 B - 2 silver javelins
 D - 5 atropa-tipped darts
 G - 16 throwing nets
 L - 10 javelins
 P - 8 curare-tipped darts
Armour
 n - the +1 pair of boots "Xororude" {rN+}
   (You bought it in a shop on level 2 of the Orcish Mines)

   rN:        It protects you from negative energy.
 r - a +1 pair of gloves (worn)
 u - a +2 hat (worn)
 y - a +2 pair of boots (worn)
 E - a +0 tower shield (worn)
 I - a +0 cloak of stealth (worn)
 K - the +7 Kryia's mail coat (worn) {PotionHeal*2 rC+}
   (You found it on level 8 of the Dungeon)

   Potions are twice as effective at healing its wearer.
   rC:        It protects you from cold.
Jewellery
 f - the ring "Jegoamm" (left hand) {rF+ Str+6 Dex+4}
   (You bought it in a shop on level 3 of the Dungeon)

   [ring of strength]

   Str:       It affects your strength (+6).
   Dex:       It affects your dexterity (+4).
   rF:        It protects you from fire.
 F - a ring of protection from fire (right hand)
 M - an amulet of faith (around neck)
 U - a ring of positive energy
Wands
 c - a wand of acid (16)
 l - a wand of flame (14)
 p - a wand of paralysis (16)
 R - a wand of iceblast (22)
 T - a wand of mindburst (7)
 V - a wand of charming (3)
Scrolls
 h - 3 scrolls of silence
 k - 4 scrolls of magic mapping
 m - 2 scrolls of summoning
 q - 6 scrolls of blinking
 t - 5 scrolls of fear
 v - 3 scrolls of identify
 A - 10 scrolls of teleportation
 C - 2 scrolls of fog
 O - a scroll of vulnerability
 Q - 2 scrolls of holy word
 S - a scroll of enchant weapon
 W - a scroll of immolation
 X - a scroll of enchant armour
Potions
 i - 3 potions of resistance
 j - 4 potions of magic
 w - 2 potions of might
 z - 5 potions of haste
 H - 2 potions of cancellation
 J - 2 potions of flight
 N - 2 potions of ambrosia
Miscellaneous
 x - a lightning rod (4/4)


   Skills:
 + Level 19.4 Fighting
 - Level 16.0 Maces & Flails
 - Level 12.0 Throwing
 - Level 15.0 Armour
 + Level 13.6 Dodging
 + Level 17.8 Shields
 + Level 13.1 Invocations


You had 17 spell levels left.
You didn't know any spells.
Your spell library was empty.

Dungeon Overview and Level Annotations

Branches:
Dungeon (15/15)            Temple (1/1) D:5            Lair (6/6) D:8
 Shoals (4/4) Lair:4        Snake (4/4) Lair:3        Slime (0/5) Lair:6
    Orc (2/2) D:12            Elf (0/3) Orc:2        Vaults (0/5) D:14
 Depths (0/4) D:15         Bailey (visited)           IceCv (visited)
Volcano (visited)

Altars:
Ashenzari
Cheibriados
Dithmenos
Elyvilon
Fedhas
Gozag
Hepliaklqana
Kikubaaqudgha
Makhleb
Nemelex Xobeh
Okawaru
Qazlal
Ru
Sif Muna
Trog
Uskayaw
Vehumet
Wu Jian
Xom
Yredelemnul
Zin
The Shining One
Beogh

Shops:
D:3 *   D:4 ?=   Orc:2 (?*[*   Shoals:2 (   Snake:1 [!*   Snake:2 :

Portals:
Trove: D:10 (give +5 demon blade)

Annotations:
D:10 treasure trove: +5 demon blade
Lair:1 exclusion: oklob plant
Lair:6 ! 3 Oklob plants guarding items, exclusion: 3 oklob plants
Shoals:1 6 transporters
Shoals:4 Ilsuiw


Innate Abilities, Weirdness & Mutations

You have a pair of horns on your head.
You reflexively headbutt those who attack you in melee.
Your flesh is heat resistant. (rF+)


Message History

Your unstable footing causes you to fumble your attack.
* * * LOW HITPOINT WARNING * * *
Your lungs strain for air!
You block Ilsuiw's attack. You block the water nymph's attack.
The water elemental hits you. x2
You hit the water elemental. You headbutt the water elemental!
The water elemental is heavily damaged.
* * * LOW HITPOINT WARNING * * *
Your lungs strain for air!
You block Ilsuiw's attack. You block the water nymph's attack.
You block the water elemental's attack.
The cyclops hits you but does no damage.
You sock the water elemental! You headbutt the water elemental.
You destroy the water elemental!
The water elemental disappears in a puff of smoke!
* * * LOW HITPOINT WARNING * * *
Your lungs strain for air!
You block the water elemental's attack. You block Ilsuiw's attack.
The water nymph points at you and mumbles some strange words.
The water swirls and strikes you!
* * * LOW HITPOINT WARNING * * *
You cannot call out to the Shining One while unable to breathe.
Unknown command.
Unknown command.
You cannot read scrolls while unable to breathe!
The +7 Kryia's mail coat enhances the healing.
You feel better.
* * * LOW HITPOINT WARNING * * *
Your lungs strain for air!
You block the water elemental's attack. The cyclops barely misses you.
Ilsuiw gestures wildly while chanting.
Ilsuiw blinks!
You block the water nymph's attack.
Your unstable footing causes you to fumble your attack.
* * * LOW HITPOINT WARNING * * *
Your lungs strain for air!
Your divine shield fades away.
The water elemental hits you. You block the cyclops's attack.
Ilsuiw casts a spell.
Your unstable footing causes you to fumble your attack.
You die...

..........# .. #≈.....P..# #
..........# #.#. .##...≈...)# #
..........##... .##...≈....####
............#.# ............#...
.............# #........†..m.PE
.............#####.........P..EmP
......)......≈≈≈≈≈≈..≈......mmmP)
≈≈≈.........≈≈≈≈≈≈)≈≈≈≈≈..≈....m.
≈≈≈≈≈≈≈.....E≈≈≈@m)≈≈≈≈≈≈≈≈≈...mP
≈≈≈≈≈≈≈≈...mE≈.EC#≈≈#≈##≈≈≈≈≈≈≈≈≈
≈≈≈≈≈≈≈≈.........##### #≈≈≈≈≈≈≈≈≈
≈≈≈≈≈≈≈≈.≈.....### ###≈≈≈≈≈≈≈
≈≈≈≈≈≈≈≈[......# #≈≈≈≈≈≈#
≈≈≈≈≈≈≈≈.......## #≈≈≈≈≈≈##
≈≈≈≈≈≈≈........≈# ##≈≈≈###≈
≈≈.≈≈≈≈........## #≈≈
..≈≈≈...........# #≈≈


You could see Ilsuiw, a cyclops, 3 water elementals and a water nymph.

Vanquished Creatures
  Vashnia (Snake:4)
  The ghost of LaularuKyrumo the Fencer, an adept NaBe of Trog (Shoals:3)
  Donald (Snake:1)
  Kirke (Lair:6)
  The ghost of Wano the Alchemist, an adept DrTm of Wu Jian (Shoals:2)
  3 nagarajas (Snake:4)
  An orc warlord (D:12)
  A frost giant (Shoals:4)
  The ghost of Ucahaeje the Warrior, a journeyman MfSk of Makhleb (Lair:4)
  2 very ugly things (IceCv)
  Nessos (D:13)
  A stone giant (Shoals:2)
  Azrael (D:13)
  3 merfolk javelineers
  9 merfolk impalers
  2 vault guards (Bailey)
  12 naga warriors
  12 hydras
  3 salamander tyrants
  7 merfolk aquamancers
  3 ogre magi
  11 anacondas
  5 boulder beetles
  A catoblepas (D:15)
  A merfolk avatar (Shoals:4)
  2 satyrs
  10 two-headed ogres
  3 alligator snapping turtles
  7 centaur warriors
  A death knight (D:15)
  A caustic shrike simulacrum (IceCv)
  15 death yaks
  14 naga sharpshooters
  5 orc high priests
  Urug (Lair:3)
  A shock serpent (shapeshifter) (D:12)
  Sonja (D:10)
  2 shock serpents
  Nergalle (Lair:2)
  6 skeletal warriors
  2 orange crystal statues (IceCv)
  25 sea snakes
  A spectral merfolk (Shoals:2)
  2 lindwurms (Volcano)
  Pikel (D:4)
  4 naga ritualists
  2 wizards (D:14)
  A harpy (shapeshifter) (D:12)
  13 harpies
  10 ugly things
  3 orc knights
  3 deep elf pyromancers
  A spectral satyr (Shoals:2)
  6 orc sorcerers
  11 mana vipers
  A necromancer (D:15)
  15 manticores
  14 salamanders
  5 fauns
  17 cyclopes
  17 naga magi
  7 guardian serpents
  Maurice (D:8)
  7 merfolk sirens
  8 water nymphs
  A toenail golem (Volcano)
  11 elephants
  25 black mambas
  2 molten gargoyles (Volcano)
  21 cane toads
  2 gargoyles
  A kobold demonologist (D:12)
  5 efreet
  Psyche (D:10)
  A komodo dragon (shapeshifter) (D:13)
  2 rime drakes
  15 komodo dragons
  4 freezing wraiths
  4 unseen horrors (D:12)
  2 anaconda simulacra (IceCv)
  22 merfolk
  A harpy zombie (D:15)
  10 trolls
  3 golden dragon simulacra (IceCv)
  2 tengu conjurers (D:12)
  3 tyrant leeches
  A meliai (D:12)
  9 wind drakes
  A hornet (D:8)
  Prince Ribbit (Bailey)
  6 slime creatures
  2 polar bears
  20 blink frogs
  4 dream sheep (Shoals:1)
  11 snapping turtles
  A jumping spider (shapeshifter) (D:14)
  A centaur simulacrum (D:15)
  A spectral wind drake (Shoals:2)
  4 wyverns
  4 wraiths
  A dire elephant simulacrum (IceCv)
  11 water elementals
  5 fire elementals
  5 hogs (Lair:6)
  10 humans (Bailey)
  3 basilisks
  25 yaks
  Eustachio (D:5)
  5 vampire mosquitoes
  5 harpy simulacra
  37 nagas
  6 wargs
  15 water moccasins
  3 hydra simulacra (IceCv)
  2 hell hounds (D:13)
  3 acid dragons
  37 orc warriors
  An ice beast (D:7)
  2 sky beasts
  2 ettin simulacra (IceCv)
  12 ogres
  6 black bears
  12 centaurs
  A wolf (Lair:3)
  A wind drake simulacrum (Shoals:2)
  4 kobold brigands
  31 bullfrogs
  4 gnoll sergeants
  2 merfolk simulacra (Shoals:2)
  2 scorpions
  2 water moccasin zombies
  A water nymph simulacrum (Shoals:2)
  3 earth elementals (Volcano)
  A manticore simulacrum (Shoals:2)
  A lindwurm simulacrum (IceCv)
  5 electric eels
  3 centaur zombies
  4 hounds (D:4)
  7 jellies
  28 orc priests
  A bullfrog skeleton (D:5)
  4 centaur skeletons
  30 orc wizards
  4 iguanas
  A hound skeleton (D:4)
  2 howler monkey zombies
  2 howler monkey skeletons
  8 gnolls
  10 adders
  A shadow imp (D:6)
  A white imp (D:8)
  An adder skeleton (D:4)
  3 worms
  2 dart slugs
  60 orcs
  8 bats
  6 endoplasms
  A giant cockroach (D:2)
  8 goblins
  10 hobgoblins
  3 quokkas
  7 ball pythons
  5 frilled lizards
  30 kobolds
  6 rats
  A bush (Lair:1)
  6 fire vortices (Volcano)
1066 creatures vanquished.

Vanquished Creatures (others)
  A manticore (Lair:4)
  A naga mage (Snake:2)
  A spectral merfolk (Shoals:2)
  A spectral manticore (Shoals:2)
  A human (Lair:6)
  An acid dragon (D:11)
  An orc wizard (Orc:2)
  An orc (Orc:2)
  28 fungi
  208 plants
  10 toadstools (Lair:1)
254 creatures vanquished.

Grand Total: 1320 creatures vanquished

Notes
Turn   | Place    | Note
-------+----------+-------------------------------------------
     0 | D:1      | Godmorgon the Minotaur Fighter began the quest for the Orb.
     0 | D:1      | Reached XP level 1. HP: 19/19 MP: 0/0
   246 | D:1      | Reached XP level 2. HP: 25/27 MP: 1/1
   826 | D:2      | Found a faded altar of an unknown god.
   901 | D:1      | Reached skill level 4 in Fighting
   901 | D:1      | Reached XP level 3. HP: 33/33 MP: 2/2
  1177 | D:2      | Reached XP level 4. HP: 40/40 MP: 3/3
  1378 | D:2      | Reached skill level 1 in Throwing
  1903 | D:3      | Reached XP level 5. HP: 42/47 MP: 4/4
  2297 | D:3      | Found Ekoegh's Assorted Antiques.
  2317 | D:3      | Bought a clouded wooden ring for 140 gold pieces
  2317 | D:3      | Identified the ring "Jegoamm" {rF+ Str+6 Dex+4} (You bought
                  | it in a shop on level 3 of the Dungeon)
  2773 | D:4      | Reached skill level 5 in Maces & Flails
  2773 | D:4      | Reached XP level 6. HP: 51/53 MP: 5/5
  2890 | D:4      | Found Qiujomo's Jewellery Boutique.
  2913 | D:4      | Found Ygemaut's Magic Scroll Emporium.
  3015 | D:4      | Bought a scroll of identify for 28 gold pieces
  3142 | D:4      | Noticed Pikel
  3154 | D:4      | Killed Pikel
  3155 | D:4      | Reached skill level 5 in Fighting
  3155 | D:4      | Reached skill level 5 in Armour
  3155 | D:4      | Reached skill level 5 in Shields
  3155 | D:4      | Reached XP level 7. HP: 35/61 MP: 3/6
  3805 | D:5      | Entered Level 5 of the Dungeon
  3950 | D:5      | Found a staircase to the Ecumenical Temple.
  3959 | Temple   | Entered the Ecumenical Temple
  4036 | Temple   | Became a worshipper of the Shining One
  4394 | D:5      | Reached XP level 8. HP: 70/70 MP: 7/7
  4398 | D:5      | Identified the +3 dagger of Anguish {vorpal, +Blink rElec
                  | Str+6 Dex-5}
  4412 | D:5      | Noticed Eustachio
  4710 | D:5      | Killed Eustachio
  4711 | D:5      | Reached skill level 6 in Fighting
  4951 | D:4      | Bought a scroll of magic mapping for 49 gold pieces
  4951 | D:4      | Bought a scroll of teleportation for 42 gold pieces
  5300 | D:6      | Found a radiant altar of Vehumet.
  5570 | D:7      | Identified the +1 robe of the Armadillo {rElec rC- Regen+}
  5639 | D:7      | Reached * piety under the Shining One
  5744 | D:7      | Reached skill level 7 in Fighting
  5744 | D:7      | Reached XP level 9. HP: 61/79 MP: 8/8
  6022 | D:7      | Reached skill level 5 in Throwing
  6031 | D:7      | Identified the +8 hunting sling of Flawed Execution {flame,
                  | Fly rElec rPois rC-}
  6147 | D:7      | Identified the amulet of Efooted {Spirit Fragile rCorr MP+9
                  | Int+6}
  6641 | D:8      | Reached skill level 10 in Maces & Flails
  6758 | D:8      | Found an opulent altar of Gozag.
  6947 | D:8      | Noticed Maurice
  6962 | D:8      | Killed Maurice
  6963 | D:8      | Reached skill level 8 in Fighting
  7062 | D:8      | Found a staircase to the Lair.
  7194 | D:8      | Found the +7 Kryia's mail coat {PotionHeal*2 rC+}
  7591 | D:3      | Bought a thin zirconium amulet for 140 gold pieces
  7692 | D:4      | Bought a scroll of fog for 28 gold pieces
  7977 | Lair:1   | Entered Level 1 of the Lair of Beasts
  8010 | Lair:1   | Reached XP level 10. HP: 84/89 MP: 9/9
  8027 | D:8      | Reached skill level 1 in Invocations
  8246 | Lair:1   | Noticed a cane toad
  8257 | Lair:1   | Killed a cane toad
  8487 | Lair:1   | Reached skill level 9 in Fighting
  8555 | Lair:1   | Noticed a four-headed hydra
  8563 | Lair:1   | Killed a four-headed hydra
  9274 | Lair:1   | Noticed an elephant
  9274 | Lair:1   | Noticed an elephant
  9292 | Lair:1   | Killed an elephant
  9298 | Lair:1   | Killed an elephant
  9299 | Lair:1   | Reached skill level 5 in Invocations
  9327 | Lair:1   | Noticed an elephant
  9349 | Lair:1   | Killed an elephant
  9350 | Lair:1   | Reached XP level 11. HP: 97/97 MP: 13/13
  9399 | Lair:1   | Found a blossoming altar of Fedhas.
  9413 | Lair:1   | Noticed an oklob plant
 10011 | Lair:2   | Noticed Nergalle
 10019 | Lair:2   | Killed Nergalle
 10301 | Lair:2   | Identified the +1 ring mail of the Fiddle {rElec Int+5}
 10347 | Lair:2   | Reached skill level 10 in Armour
 10352 | Lair:2   | Reached skill level 10 in Fighting
 11255 | Lair:3   | Reached ** piety under the Shining One
 11299 | Lair:3   | Found a dark tunnel.
 11304 | Volcano  | Entered a volcano
 11353 | Volcano  | Reached skill level 1 in Dodging
 11626 | Volcano  | Noticed a lindwurm
 11626 | Volcano  | Noticed a lindwurm
 11710 | Volcano  | Killed a lindwurm
 11904 | Volcano  | Killed a lindwurm
 12195 | Volcano  | Reached XP level 12. HP: 50/108 MP: 15/17
 12610 | Lair:3   | Noticed a death yak
 12610 | Lair:3   | Noticed a death yak
 12612 | Lair:3   | Noticed a death yak
 12617 | Lair:3   | Noticed a death yak
 12629 | Lair:2   | Killed a death yak
 12636 | Lair:2   | Killed a death yak
 12668 | Lair:2   | Killed a death yak
 12682 | Lair:3   | Killed a death yak
 12683 | Lair:3   | Reached skill level 11 in Fighting
 12733 | Lair:3   | Found a staircase to the Snake Pit.
 13238 | Lair:3   | Noticed an eight-headed hydra
 13247 | Lair:3   | Killed an eight-headed hydra
 13593 | Lair:3   | Noticed a death yak
 13594 | Lair:3   | Noticed a death yak
 13619 | Lair:3   | Killed a death yak
 13630 | Lair:3   | Killed a death yak
 13752 | Lair:3   | Noticed Urug
 13762 | Lair:3   | Noticed a death yak
 13768 | Lair:3   | Killed Urug
 13769 | Lair:3   | Reached skill level 5 in Dodging
 13779 | Lair:3   | Killed a death yak
 13780 | Lair:3   | Reached skill level 10 in Invocations
 13790 | Lair:3   | Noticed a death yak
 13827 | Lair:3   | Killed a death yak
 13828 | Lair:3   | Reached skill level 12 in Fighting
 13918 | Lair:3   | Noticed a death yak
 13924 | Lair:3   | Noticed a death yak
 13940 | Lair:3   | Noticed a death yak
 13947 | Lair:3   | Noticed a death yak
 13948 | Lair:3   | Killed a death yak
 14015 | Lair:2   | Killed a death yak
 14032 | Lair:2   | Killed a death yak
 14138 | Lair:3   | Killed a death yak
 14211 | Lair:3   | Reached XP level 13. HP: 119/119 MP: 19/19
 14586 | Lair:4   | Found a runed translucent gate.
 14586 | Lair:4   | Found a runed translucent gate.
 14586 | Lair:4   | Found a runed translucent gate.
 14586 | Lair:4   | Noticed Ucahaeje's ghost (journeyman MfSk)
 14658 | Lair:4   | Identified the +5 hand axe "Arcanum" {elec, rElec Str+4
                  | Int+4 Dex-2}
 15440 | Lair:4   | Found a staircase to the Shoals.
 15449 | Lair:4   | Reached skill level 13 in Fighting
 16123 | D:4      | Bought an amulet of faith for 440 gold pieces
 17382 | Lair:6   | Entered Level 6 of the Lair of Beasts
 18525 | Lair:6   | Reached skill level 14 in Fighting
 18665 | Lair:6   | Noticed Kirke
 18700 | Lair:6   | Killed Kirke
 19160 | Lair:6   | Reached XP level 14. HP: 119/132 MP: 20/20
 19518 | Lair:6   | Found a staircase to the Slime Pits.
 19700 | Lair:5   | Reached skill level 10 in Throwing
 20195 | Lair:6   | Identified the +5 falchion of the Ring {spect, Will+ SInv}
 20196 | Lair:6   | Identified the +4 hunting sling "Dragonslayer" {flame,
                  | Str+2}
 21072 | Lair:4   | Killed Ucahaeje's ghost
 21530 | D:9      | Found a flagged portal.
 21549 | Bailey   | Entered a bailey
 21833 | Bailey   | Noticed Prince Ribbit
 21839 | Bailey   | Killed Prince Ribbit
 22367 | D:10     | Entered Level 10 of the Dungeon
 22427 | D:10     | Noticed Sonja
 22800 | D:10     | Killed Sonja
 22894 | D:10     | Noticed Psyche
 22898 | D:10     | Killed Psyche
 23290 | D:10     | Found a portal to a secret trove of treasure.
 23921 | D:11     | Found a stormy altar of Qazlal.
 24040 | D:11     | Reached skill level 10 in Shields
 24083 | D:11     | Identified the +4 dagger of the Orcish Mines {vorpal, Fly
                  | rF+ rC- Int+4}
 24266 | D:12     | Found a staircase to the Orcish Mines.
 24979 | D:12     | Found a burning altar of Makhleb.
 24980 | D:12     | Found a glowing golden altar of the Shining One.
 24980 | D:12     | Found a shimmering altar of Xom.
 24980 | D:12     | Found a broken altar of Ashenzari.
 25012 | D:12     | Reached skill level 15 in Fighting
 25146 | D:12     | Identified the amulet "Fiadwey" {Reflect rF+ Str+3 SH+5
                  | Stlth+}
 25389 | D:4      | Bought a scroll of summoning for 133 gold pieces
 25389 | D:4      | Bought a scroll of identify for 28 gold pieces
 25389 | D:4      | Bought a scroll of enchant weapon for 105 gold pieces
 25389 | D:4      | Bought a scroll of fear for 49 gold pieces
 25480 | D:3      | Bought a blue potion for 25 gold pieces
 25481 | D:3      | Bought a scroll of blinking for 210 gold pieces
 25481 | D:3      | Bought a scroll of identify for 56 gold pieces
 26074 | D:12     | Reached *** piety under the Shining One
 26157 | D:12     | Reached XP level 15. HP: 141/141 MP: 21/21
 26887 | D:13     | Noticed Nessos
 26916 | D:13     | Killed Nessos
 27542 | D:13     | Noticed Azrael
 27570 | D:13     | Killed Azrael
 29034 | D:14     | Found an ornate altar of the Wu Jian Council.
 29282 | D:14     | Found a gate to the Vaults.
 29488 | D:14     | Reached **** piety under the Shining One
 29808 | D:15     | Entered Level 15 of the Dungeon
 30126 | D:15     | Found a hide-covered altar of Uskayaw.
 30532 | D:15     | Found a staircase to the Depths.
 30610 | D:15     | Reached skill level 10 in Dodging
 31260 | D:15     | Reached skill level 16 in Fighting
 31581 | Orc:1    | Entered Level 1 of the Orcish Mines
 31585 | Orc:1    | Noticed an orc warlord
 31633 | D:12     | Killed an orc warlord
 32063 | Orc:1    | Reached XP level 16. HP: 125/151 MP: 22/22
 32500 | Orc:2    | Entered Level 2 of the Orcish Mines
 32650 | Orc:1    | Gained mutation: Your body sometimes deteriorates upon
                  | taking damage. [a neqoxec]
 32651 | Orc:1    | Gained mutation: You are weak. (Str -2) [a neqoxec]
 32667 | Orc:2    | Reached ***** piety under the Shining One
 33465 | Orc:2    | Found Ceso's Antique Armour Boutique.
 33465 | Orc:2    | Found Ompexann's Magic Scroll Shop.
 33466 | Orc:2    | Found Poronk's Antique Weapon Shop.
 33469 | Orc:2    | Found Utifef's General Store.
 33597 | Orc:2    | Found a staircase to the Elven Halls.
 33797 | Orc:2    | Found Saniqiquw's Overcharged Wands.
 33896 | Orc:2    | Bought a pair of encrusted boots for 266 gold pieces
 33896 | Orc:2    | Identified the +1 pair of boots "Xororude" {rN+} (You
                  | bought it in a shop on level 2 of the Orcish Mines)
 33896 | Orc:2    | Bought a runed hat for 196 gold pieces
 33904 | Orc:2    | Bought a scroll of identify for 22 gold pieces
 33904 | Orc:2    | Bought a scroll of identify for 22 gold pieces
 33904 | Orc:2    | Bought a scroll of identify for 22 gold pieces
 33904 | Orc:2    | Bought a scroll of immolation for 38 gold pieces
 33915 | Orc:2    | Bought a potion of haste for 180 gold pieces
 33915 | Orc:2    | Bought a scroll of identify for 36 gold pieces
 33917 | Orc:2    | Bought a scroll of silence for 82 gold pieces
 34209 | Snake:1  | Entered Level 1 of the Snake Pit
 34403 | Snake:1  | Found Wygaifi's Antique Armour Emporium.
 34427 | Snake:1  | Found Tiram's Distillery.
 34502 | Snake:1  | Bought a potion of mutation for 128 gold pieces
 34502 | Snake:1  | Bought a potion of haste for 160 gold pieces
 34821 | Snake:1  | Noticed Donald
 34875 | Snake:1  | HP: 4/152 [Donald/+6 demon trident of electrocution (14)]
 34878 | Snake:1  | Killed Donald
 34879 | Snake:1  | Reached skill level 15 in Shields
 35386 | Snake:1  | Found Ihotywk's General Store.
 36608 | Snake:2  | Reached skill level 17 in Fighting
 36717 | Snake:2  | Reached skill level 15 in Armour
 36879 | Snake:2  | Found Hihaam's Book Shop.
 38377 | Snake:3  | Found a frozen archway.
 38386 | IceCv    | Entered an ice cave
 39531 | Snake:3  | Reached XP level 17. HP: 158/162 MP: 15/24
 40423 | Snake:4  | Entered Level 4 of the Snake Pit
 43165 | Snake:4  | Reached skill level 18 in Fighting
 43994 | Snake:4  | Noticed Vashnia
 44417 | Snake:4  | Killed Vashnia
 44725 | Snake:3  | Lost mutation: Your body sometimes deteriorates upon taking
                  | damage. [potion of mutation]
 44725 | Snake:3  | Lost mutation: You are weak. (Str -2) [potion of mutation]
 44725 | Snake:3  | Gained mutation: Your flesh is heat resistant. (rF+)
                  | [potion of mutation]
 44725 | Snake:3  | Gained mutation: You have hidden genetic defects. [potion
                  | of mutation]
 44725 | Snake:3  | Lost mutation: You have hidden genetic defects. [potion of
                  | mutation]
 45781 | Snake:4  | Got a serpentine rune of Zot
 46308 | Shoals:1 | Entered Level 1 of the Shoals
 46740 | Shoals:1 | Found a transporter.
 46741 | Shoals:1 | Found a transporter.
 46767 | Shoals:1 | Found a transporter.
 46769 | Shoals:1 | Found a transporter.
 46888 | Shoals:1 | Found a transporter.
 46895 | Shoals:1 | Found a transporter.
 48881 | Shoals:2 | Reached XP level 18. HP: 114/173 MP: 26/26
 48909 | Shoals:2 | Found a runed translucent gate.
 48909 | Shoals:2 | Found a runed translucent gate.
 48909 | Shoals:2 | Found a runed translucent gate.
 48926 | Shoals:2 | Noticed Wano's ghost (adept DrTm)
 49122 | Shoals:2 | Found Naunlyur's Weapon Emporium.
 49130 | Shoals:2 | Bought 2 silver boomerangs for 48 gold pieces
 49540 | Shoals:2 | Killed Wano's ghost
 49636 | Shoals:3 | Found a runed translucent door.
 49637 | Shoals:3 | Noticed LaularuKyrumo's ghost (adept NaBe)
 50102 | Shoals:3 | Reached skill level 15 in Maces & Flails
 50428 | Shoals:3 | Reached skill level 19 in Fighting
 50884 | Shoals:3 | Identified the +7 rapier of Qiply {vorpal, Dex+2}
 51307 | Shoals:3 | Killed LaularuKyrumo's ghost
 51331 | Shoals:4 | Entered Level 4 of the Shoals
 51669 | Shoals:3 | HP: 5/176 [alligator snapping turtle (26)]
 52305 | Shoals:4 | Got a barnacled rune of Zot
 52531 | Shoals:4 | Noticed Ilsuiw
 53250 | Shoals:4 | Identified the amulet of Fymajips {RegenMP Str+3}
 53810 | Shoals:4 | HP: 5/176 [drowned by a water elemental[Ilsuiw] (7)]
 53811 | Shoals:4 | Drowned by a water elemental

Illustrated notes

Levels and vault maps discovered:
D:1:      minmay_arrival_nine_rooms, layout_basic
D:2:      layout_basic, shapermc_ecumenical_altar_pompeii, minmay_surrounded
D:3:      layout_basic, serial_shops, nicolae_shop_trees, minmay_misc_feat_cross
D:4:      layout_loops_corners, serial_shops, shop_scrolls,
          nicolae_stop_n_shop_2, kennysheep_pointless_box, uniq_pikel
D:5:      layout_basic, minmay_temple_entry_gardened_gates, uniq_eustachio
D:6:      layout_rooms, lemuel_crystal_altar
D:7:      hellmonk_ruined_rings, layout_basic
D:8:      layout_basic, nicolae_overflow_crystal_walls,
          grunt_lair_entry_orc_guard_hut, uniq_maurice
D:9:      layout_long_grid, enter_bailey_2, minmay_stone_trees_small
D:10:     layout_rooms, nicolae_trove_entry_crossroad,
          nicolae_figureground_pulse, uniq_psyche, uniq_sonja
D:11:     layout_basic, hangedman_abyss_or_decor_stagger, st_stairs_3,
          grunt_qazlal_clouds
D:12:     minmay_the_grid_octo_tiled_squarecenter [minmay_the_grid_octo_chip,
          minmay_the_grid_octo_fan_narrow, minmay_the_grid_octo_pinwheel,
          minmay_the_grid_octo_shrine,
          minmay_the_grid_square_5x5_megaprize_diamond,
          minmay_the_grid_square_5x5_checkered,
          minmay_the_grid_square_5x5_lines,
          minmay_the_grid_square_5x5_sharp_hourglass,
          minmay_the_grid_square_5x5_shuriken], layout_stronghold
D:13:     layout_layer_cave, uniq_nessos, uniq_azrael
D:14:     layout_basic, david_vaults_1, chequers_serial_rivers_small_b,
          grunt_ogre_cave, nicolae_wu_jian_wuxing_cycle
D:15:     grunt_enter_depths_magical_seal, layout_basic,
          hangedman_abyss_or_decor_passed, minmay_statues_item,
          nicolae_uskayaw_murder_on_the_dancefloor
Temple:   mainiacjoe_temple_cubbyholes
Lair:1:   layout_small_grid, st_stairs_11, tgw_fedhas, serial_bayou_shore_b,
          grunt_megastairs_2, serial_bayou_shore_b, serial_bayou_shore_a,
          infiniplex_staircase_pool_2
Lair:2:   layout_regular_city, uniq_nergalle
Lair:3:   layout_big_grid, guppyfry_snake_entry_island,
          nicolae_volcano_entry_s_turn, guppyfry_lair_drakes,
          infiniplex_staircase_pool, uniq_urug
Lair:4:   layout_cave_pods, minmay_shoals_entry_beasts,
          gammafunk_ghost_hydra_chop, serial_forest,
          infiniplex_forest_clump_large, infiniplex_forest_corner_2,
          infiniplex_forest_straight_1, infiniplex_forest_lined_room_2,
          infiniplex_forest_pool, minmay_hedge_maze
Lair:5:   layout_regular_city, serial_bayou_shore_b
Lair:6:   minmay_lair_end_frog_pond, layout_regular_city,
          minmay_slime_entry_pillars, dpeg_oklob_1, uniq_kirke
Shoals:1: layout_shoals, serial_nicolae_subway, nicolae_sub_station_stone,
          nicolae_sub_station_metal, nicolae_sub_station_crystal
Shoals:2: cheibrodos_shoals_baths, layout_shoals, serial_shops,
          nicolae_shop_stone, gammafunk_ghost_necromancy, st_shoals_ruin
Shoals:3: cheibrodos_shoals_three_sisters, layout_shoals,
          ebering_ghost_inner_flame
Shoals:4: shoals_end_grunt_ice, layout_shoals, shoals_ilsuiw_ice
Snake:1:  layout_basic, serial_shops, shop, nicolae_shop_crystal,
          nicolae_shop_window_shopping, nicolae_snake_omega, uniq_donald
Snake:2:  layout_onion_interference, minmay_shop_star
Snake:3:  layout_onion, portal_ice_cave_entry_pillars_2,
          nicolae_coiled_stairwell_up, grunt_megastairs_4
Snake:4:  grunt_snake_rune_serpentine_throne, layout_cave_town,
          grunt_megastairs_3
Orc:1:    orc_temple, layout_caves
Orc:2:    st_orc_mages, layout_caves, basic_altar,
          nicolae_shop_overcharged_wands

Skill      XL: |  1  2  3  4  5  6  7  8  9 10 11 12 13 14 15 16 17 18 |
---------------+-------------------------------------------------------+-----
Maces & Flails | 3 4 5 6 7 9 11 12 14 16 | 16.0
Fighting       | 4 5 7 8 9 10 12 14 15 16 17 18 19 | 19.4
Armour         | 4 5 7 8 9 10 11 12 13 15 | 15.0
Shields        | 4 5 7 11 13 15 17 | 17.8
Throwing       | 1 2 3 4 6 8 9 10 11 12 | 12.0
Invocations    | 5 8 10 12 13 | 13.1
Dodging        | 2 5 7 8 10 12 13 | 13.6

Action                   |  1- 3 |  4- 6 |  7- 9 | 10-12 | 13-15 | 16-18 || total
-------------------------+-------+-------+-------+-------+-------+-------++-------
Melee: Flail             |    77 |   114 |       |    42 |       |  1084 ||  1317
       Headbutt          |     9 |    16 |    50 |   160 |   502 |   649 ||  1386
       Whip              |       |       |   215 |   421 |  1492 |   830 ||  2958
Throw: Stone             |       |     3 |       |       |       |       ||     3
       Dart              |       |     4 |       |    61 |    38 |    15 ||   118
       Boomerang         |       |       |       |    48 |     3 |    86 ||   137
Invok: Divine Shield     |       |       |     2 |    17 |    36 |    51 ||   106
       Cleansing Flame   |       |       |       |       |     4 |    38 ||    42
Evoke: Wand              |       |       |       |    10 |    28 |     5 ||    43
  Use: Potion            |       |     1 |     1 |     2 |     2 |    26 ||    32
       Scroll            |       |       |     6 |     1 |    11 |    12 ||    30
Armor: Scale mail        |    46 |    65 |    85 |    82 |   422 |   496 ||  1196
Dodge: Dodged            |    48 |    44 |    65 |    61 |   443 |   496 ||  1157
Block: Buckler           |    21 |    19 |    53 |   126 |   165 |       ||   384
       Reflection        |       |       |       |     1 |     2 |       ||     3
       Tower shield      |       |       |       |       |  1024 |  2061 ||  3085
